 Dungeon Crawl Stone Soup version 0.20-a0-903-g7e3609c (webtiles) character file.

63 Rrauwl the Charlatan (level 4, -2/34 HPs)
             Began as a Barachi Artificer on Mar 21, 2017.
             Slain by Sigmund
             ... wielding a +0 scythe
              (12 damage)
             ... on level 3 of the Dungeon.
             The game lasted 00:07:58 (1713 turns).

Rrauwl the Charlatan (Barachi Artificer)            Turns: 1713, Time: 00:07:59

Health: -2/34      AC:  3    Str: 11 (14) XL:     4   Next: 9%
Magic:  6/6        EV: 12    Int: 12      God:
Gold:   78         SH:  0    Dex:  9 (12) Spells: 3/3 levels left

rFire    . . .     SeeInvis .   a - +1 short sword
rCold    . . .     Gourm    .   b - +0 leather armour
rNeg     . . .     Faith    .   (no shield)
rPois    .         Spirit   .   (no helmet)
rElec    .         Reflect  .   (no cloak)
rCorr    .         Harm     .   (no gloves)
MR       .....                  (no boots)
Stlth    +.........             (no amulet)
Regen    0.2/turn               (no ring)
MPRegen  0.1/turn               h - ring of flight

@: slow
A: +LOS, swims, slowness 1, strong legs 1
a: Hop, Evoke Flight


You were on level 3 of the Dungeon.
You were hungry.

You visited 1 branch of the dungeon, and saw 3 of its levels.

You collected 78 gold pieces.

Inventory:

Hand Weapons
 a - a +1 short sword (weapon)
Armour
 b - a +0 leather armour (worn)
Jewellery
 h - a ring of flight (left hand)
Wands
 c - a wand of flame (37/48)
 d - a wand of enslavement (12/24)
 e - a wand of random effects (15/48)
Scrolls
 m - a scroll of remove curse
 n - a scroll of identify
 o - a scroll of amnesia
 p - a scroll of immolation {unknown}
Potions
 j - 2 potions of brilliance
 l - 2 potions of resistance
Comestibles
 f - a bread ration
 g - 2 fruits
 i - 4 chunks of flesh


   Skills:
 + Level 2.9 Fighting
 - Level 1.1 Short Blades
 + Level 2.2 Armour
 + Level 3.0 Dodging
 - Level 1.0 Stealth
 - Level 3.2 Evocations


You had 3 spell levels left.
You didn't know any spells.

Dungeon Overview and Level Annotations

Branches:
Dungeon (3/15)

Altars:

Annotations:
D:3 Grinder, Sigmund


Innate Abilities, Weirdness & Mutations

Shadows flee at your approach. (+LOS)
You can swim through water.
You cover ground slowly.
You can hop short distances.


Message History

The puff of flame hits you!
* * * LOW HITPOINT WARNING * * *
The adder closely misses you.
A hobgoblin comes into view. It is wielding a club.
You feel much better. The adder closely misses you. Something hits you!
The hobgoblin shouts!
The adder bites you. Something hits you!
* * * LOW HITPOINT WARNING * * *
The adder closely misses you.
Evoke which item? (* to show all) (? for menu, Esc to quit)
Aiming: Enslavement
Press: ? - help, Shift-Dir - straight line, f - adder
Aim: an adder (chance to defeat MR: 64%)
The adder is charmed.
This wand has 12 charges left.
A goblin comes into view. It is wielding a dagger of pain.
The dart slug launches a dart at you.
The slug dart hits something.
The kobold shoots a poisoned needle.
The poisoned needle misses you. Something hits you!
You die...

.K. ## .... # ...####
#.... .... .......
##..... $.... .......
#.....# #....
##.....##.....##.....
.......... .........
#.......###....#
###...!...#S@....#
.........w....>.##
#......$..##...##
........)<.....#
....g..##......####
......# #.?...?...#
...... #.........#
..... #........(#
..$. #....†....#


You could see a dart slug, a goblin, a kobold and a friendly adder.

Vanquished Creatures
  Terence (D:3)
  An ooze (D:2)
  A dart slug (D:1)
  2 leopard geckos (D:1)
  A giant cockroach (D:3)
  4 goblins (D:1)
  7 hobgoblins
  2 jackals (D:1)
  A quokka (D:3)
  A ball python (D:2)
  A bat (D:1)
  5 frilled lizards
  4 kobolds
  7 rats
38 creatures vanquished.

Notes
Turn   | Place    | Note
-------+----------+-------------------------------------------
     0 | D:1      | Rrauwl the Barachi Artificer began the quest for the Orb.
     0 | D:1      | Reached XP level 1. HP: 15/15 MP: 3/3
    17 | D:1      | Reached skill level 1 in Stealth
   261 | D:1      | Reached skill level 1 in Armour
   281 | D:1      | Reached XP level 2. HP: 19/22 MP: 4/4
  1049 | D:1      | Reached XP level 3. HP: 22/27 MP: 5/5
  1383 | D:2      | Found a faded altar of an unknown god.
  1586 | D:3      | Noticed Grinder
  1668 | D:3      | Noticed Sigmund
  1680 | D:3      | Noticed Terence
  1707 | D:3      | Killed Terence
  1707 | D:3      | Reached XP level 4. HP: 13/34 MP: 6/6
  1713 | D:3      | Slain by Sigmund

Vault maps used:
D:1:      saegor_arrival_under_anarchy
D:2:      chequers_ecumenical_altar_lobes
D:3:      nicolae_ru_the_path_less_chosen, uniq_sigmund, uniq_terence,
          uniq_grinder, uniq_iyjb

Skill      XL: |  1  2  3 |
---------------+----------+-----
Stealth        | 1 |  1.0
Armour         | 1 2 |  2.2
Fighting       | 2 |  2.9
Dodging        | 3 |  3.0
Short Blades   | |  1.1
Evocations     | |  3.2

Action                   |  1- 3 |  4- 6 || total
-------------------------+-------+-------++-------
Melee: Short sword       |   151 |       ||   151
Evoke: Wand              |     2 |     1 ||     3
  Use: Potion            |     4 |     1 ||     5
       Scroll            |     6 |       ||     6
 Stab: Sleeping          |     1 |       ||     1
  Eat: Chunk             |     2 |       ||     2
       Fruit             |     1 |       ||     1
Armor: Leather armour    |    24 |       ||    24
Dodge: Dodged            |    83 |     4 ||    87
